Map: Orbital Shipyard

Players

llllllllllll

  • Race: Terran Terran
  • League: Master

State - Winner!

  • Race: Protoss Protoss
  • League: Grandmaster

VOD

Have the link to the VOD?

Description

Time

  • Played on: Nov. 24, 2015, 9:42 p.m.
  • Length: 5:23
Show
View Real Time Build Order
Export as new Build Order

llllllllllll Terran 

Build Orders: Command Center First (CC) 

Get SALT Encoding   

  12  0:00  SCV  
  13  0:13  SCV  
  14  0:17  Supply Depot  
  14  0:25  SCV  
  15  0:39  SCV  
  16  0:51  SCV  
  17  0:59  Command Center  
  17  1:03  SCV  
  18  1:13  Barracks  
  18  1:16  SCV  
  19  1:27  Barracks  
  19  1:29  SCV  
  20  1:41  SCV  
  20  1:43  Barracks  
  21  1:59  Orbital Command  
  21  2:00  Marine  
  22  2:11  Orbital Command  
  22  2:14  Marine  
  23  2:18  Marine  
  24  2:26  SCV, Refinery  
  24  2:27  Refinery  
  25  2:30  Marine  
  25  2:31  Marine  
  25  2:36  Marine  
  25  2:37  SCV  
  29  2:38  SCV  
  30  2:45  Supply Depot  
  30  2:49  SCV  
  30  2:50  SCV  
  32  2:54  Supply Depot  
  32  2:56  Marine x2  
  34  2:59  Barracks Tech Lab  
  34  3:01  SCV  
  34  3:02  SCV  
  36  3:13  SCV, Marine  
  36  3:14  SCV, Marine  
  36  3:19  Engineering Bay  
  40  3:20  Stimpack  
  40  3:22  Marine  
  40  3:27  SCV  
  42  3:29  SCV  
  42  3:31  Marine x2  
  45  3:39  SCV, Marine  
  47  3:41  SCV  
  47  3:43  Supply Depot  
  48  3:49  Marine x2  
  48  3:51  SCV  
  48  3:53  SCV, Factory  
  52  3:59  Marine  
  53  4:05  SCV  
  53  4:06  Supply Depot  
  53  4:07  Barracks Tech Lab  
  53  4:08  Barracks Reactor  
  54  4:14  SCV  
  55  4:17  SCV, Marauder  
  55  4:20  Missile Turret  
  55  4:23  Missile Turret  
  58  4:27  Supply Depot, SCV  
  58  4:30  Marauder  
  61  4:39  SCV, Marauder  
  61  4:41  SCV  
  64  4:49  Marine  
  64  4:52  Marauder  
  63  4:58  SCV x2  
  64  5:01  Marauder  
  60  5:18  Missile Turret  
Show
View Real Time Build Order
Export as new Build Order

State Protoss - Winner!

Build Orders: 1 Gate Expand, Dark Templar Rush 

Get SALT Encoding   

  12  0:01  Probe (Chrono Boost)  
  13  0:12  Probe (Chrono Boost)  
  14  0:20  Pylon  
  14  0:22  Probe (Chrono Boost)  
  15  0:38  Gateway, Probe (Chrono Boost)  
  16  0:43  Assimilator  
  16  0:49  Probe (Chrono Boost)  
  17  0:59  Probe (Chrono Boost)  
  18  1:10  Probe (Chrono Boost)  
  19  1:20  Nexus  
  19  1:29  Cybernetics Core  
  19  1:31  Probe (Chrono Boost)  
  20  1:41  Probe (Chrono Boost), Pylon  
  21  1:52  Probe (Chrono Boost)  
  21  1:53  Assimilator  
  22  2:02  Probe (Chrono Boost)  
  22  2:05  Adept  
  22  2:06  Warp Gate  
  25  2:13  Probe (Chrono Boost)  
  26  2:24  Probe (Chrono Boost)  
  26  2:29  Robotics Facility  
  27  2:32  Probe (Chrono Boost)  
  27  2:34  Probe (Chrono Boost), Adept  
  31  2:42  Probe (Chrono Boost)  
  32  2:45  Probe (Chrono Boost)  
  33  2:53  Probe (Chrono Boost)  
  33  2:55  Twilight Council, Probe (Chrono Boost)  
  35  3:02  Pylon  
  35  3:03  Probe (Chrono Boost)  
  36  3:07  Adept  
  36  3:11  Probe (Chrono Boost)  
  39  3:14  Probe (Chrono Boost)  
  40  3:20  Warp Prism  
  40  3:22  Probe (Chrono Boost)  
  40  3:25  Probe (Chrono Boost)  
  44  3:32  Probe (Chrono Boost)  
  44  3:34  Probe (Chrono Boost)  
  45  3:36  Adept (Chrono Boost)  
  48  3:44  Dark Shrine  
  48  3:45  Gateway  
  48  3:47  Gateway  
  48  3:52  Mothership Core (Chrono Boost)  
  50  3:56  Assimilator  
  50  4:00  Assimilator  
  50  4:04  Pylon  
  50  4:05  Probe (Chrono Boost)  
  51  4:11  Pylon  
  51  4:12  Probe (Chrono Boost)  
  51  4:13  Pylon  
  51  4:14  Warp Prism (Chrono Boost)  
  52  4:22  Probe  
  55  4:25  Probe  
  55  4:30  Pylon  
  56  4:31  Pylon  
  56  4:34  Probe  
  56  4:37  Probe  
  58  4:48  Probe  
  58  4:49  Probe  
  62  5:00  Probe  
  62  5:01  Probe  
  62  5:02  Dark Templar x2  
  62  5:03  Dark Templar  
Tags
 
Add a new tag
Caveats
  • Supply blocks, unpowered buildings, or Contaminate may cause inaccurate times.
  • Supply counts are checked every 10 seconds.